Map: 永恒梦境-天梯版

Players

Silky - Winner!

  • Race: Zerg Zerg
  • League: Master

JieShi

  • Race: Protoss Protoss

Event: DreamHack SC2 Masters 2020 Summer China

VOD

Have the link to the VOD?

Description

Time

  • Played on: July 1, 2020, 9:15 a.m.
  • Length: 10:08

All games in this series

Show
View Real Time Build Order
Export as new Build Order

Silky Zerg - Winner!

Build Orders: Hatch First 

Get SALT Encoding   

  12  0:00  Drone  
  13  0:12  Overlord  
  13  0:16  Drone  
  14  0:30  Drone x2  
  16  0:48  Hatchery  
  15  0:53  Drone  
  15  0:54  Drone  
  17  0:58  Drone  
  18  1:07  Extractor  
  17  1:14  Spawning Pool  
  17  1:18  Drone  
  17  1:22  Drone  
  18  1:33  Drone  
  19  1:45  Drone  
  20  1:51  Hatchery  
  19  1:55  Drone  
  19  2:01  Drone, Zergling x2  
  22  2:12  Metabolic Boost  
  22  2:16  Queen  
  24  2:27  Queen  
  26  2:30  Overlord  
  26  2:33  Zergling x2  
  26  2:36  Zergling x2  
  28  2:50  Drone x5  
  33  3:00  Overlord  
  33  3:05  Drone x3  
  36  3:14  Queen  
  36  3:17  Overlord  
  38  3:20  Drone  
  38  3:21  Drone  
  38  3:24  Drone  
  40  3:28  Drone  
  40  3:29  Drone  
  40  3:33  Drone  
  45  3:42  Roach Warren  
  45  3:45  Lair  
  45  3:47  Drone x4  
  45  3:48  Drone  
  47  3:52  Overlord  
  47  3:55  Queen  
  47  4:00  Zergling x4  
  51  4:03  Overlord  
  51  4:05  Drone  
  52  4:14  Zergling x6  
  55  4:20  Zergling x10  
  55  4:23  Extractor  
  59  4:25  Zergling x8  
  63  4:37  Overlord  
  63  4:38  Roach  
  63  4:39  Roach x3  
  63  4:44  Overlord  
  71  4:49  Zergling x4  
  71  4:50  Overseer  
  71  4:51  Overlord  
  73  4:54  Overlord  
  73  4:56  Zergling x2  
  73  4:57  Zergling x4  
  73  5:07  Zergling x6  
  73  5:12  Zergling x6  
  73  5:13  Spore Crawler  
  77  5:15  Zergling x12  
  82  5:23  Zergling x2  
  84  5:28  Ravager  
  84  5:30  Drone x3  
  87  5:41  Drone x5  
  87  5:42  Glial Reconstitution  
  89  5:44  Extractor  
  89  5:45  Drone x7  
  95  5:50  Ravager  
  95  5:51  Overlord  
  95  5:53  Extractor  
  95  5:54  Extractor  
  94  5:57  Drone x2  
  96  6:06  Drone x3  
  96  6:08  Evolution Chamber  
  97  6:16  Roach x5  
  106  6:19  Drone x6  
  112  6:27  Roach  
  112  6:29  Overlord  
  114  6:33  Hatchery, Zerg Missile Weapons Level 1  
  114  6:34  Overlord  
  114  6:39  Overlord x2  
  113  6:47  Overlord x3  
  113  6:50  Ravager x2  
  113  6:51  Overlord  
  113  6:53  Roach  
  117  6:58  Spire  
  117  7:00  Roach  
  117  7:01  Roach  
  120  7:05  Roach  
  120  7:06  Roach x3  
  131  7:08  Roach  
  131  7:09  Roach  
  131  7:11  Roach  
  135  7:17  Roach x4  
  135  7:21  Roach x2  
  147  7:24  Zergling x6  
  147  7:28  Ravager x3  
  153  7:31  Zergling x6  
  156  7:39  Roach x5  
  164  7:47  Roach x4  
  164  7:51  Roach x3  
  175  7:56  Zergling x8  
  179  8:00  Zergling x8  
  179  8:02  Ravager  
  179  8:05  Overlord x2  
  178  8:25  Zergling x26  
  184  8:29  Ravager x6  
  168  8:44  Zergling x2  
  168  8:45  Zergling x14  
  160  8:53  Roach x9  
  159  8:57  Zergling x2  
  148  9:03  Zergling x12  
  147  9:11  Roach x2  
  147  9:12  Ravager x4  
  147  9:13  Zergling x2  
  152  9:23  Roach  
  145  9:28  Zergling x2  
  145  9:29  Zergling x14  
  153  9:33  Spire  
  153  9:34  Extractor  
  153  9:36  Drone x5  
Show
View Real Time Build Order
Export as new Build Order

JieShi Protoss 

Build Orders: 1 Gate Expand, Mass Adepts 

Get SALT Encoding   

  12  0:00  Probe  
  13  0:12  Probe  
  14  0:18  Pylon  
  14  0:24  Probe  
  15  0:32  Probe  
  15  0:39  Gateway  
  15  0:40  Probe  
  16  0:48  Assimilator  
  17  0:51  Probe  
  18  1:03  Probe  
  19  1:14  Pylon  
  19  1:15  Probe  
  20  1:31  Nexus  
  20  1:37  Cybernetics Core  
  21  1:40  Probe  
  21  1:45  Assimilator  
  21  1:52  Probe  
  22  1:55  Pylon  
  22  2:04  Adept, Probe  
  23  2:14  Warp Gate  
  25  2:16  Probe  
  26  2:23  Twilight Council  
  26  2:24  Stalker  
  26  2:28  Probe  
  29  2:39  Probe  
  29  2:40  Probe  
  31  2:47  Probe  
  31  2:52  Probe  
  31  2:54  Adept  
  35  3:01  Probe  
  35  3:05  Gateway, Probe  
  37  3:14  Gateway  
  37  3:16  Resonating Glaives  
  37  3:18  Probe  
  38  3:23  Probe  
  38  3:25  Adept  
  39  3:30  Probe  
  40  3:35  Probe  
  40  3:37  Pylon  
  40  3:38  Probe  
  41  3:46  Probe  
  41  3:47  Probe  
  43  3:49  Robotics Facility  
  44  3:57  Probe  
  44  3:59  Probe  
  46  4:04  Adept x2  
  46  4:08  Pylon  
  46  4:09  Assimilator  
  50  4:11  Adept, Assimilator  
  50  4:12  Probe x2  
  53  4:24  Pylon, Probe  
  54  4:26  Probe  
  54  4:27  Adept  
  54  4:28  Adept, Pylon  
  59  4:31  Adept  
  59  4:36  Probe  
  62  4:40  Pylon  
  62  4:42  Probe  
  63  4:47  Observer  
  63  4:50  Adept x2  
  63  4:52  Adept  
  69  5:07  Probe  
  69  5:08  Probe  
  69  5:10  Sentry  
  69  5:12  Adept  
  69  5:13  Adept  
  77  5:22  Immortal  
  77  5:23  Nexus  
  77  5:25  Shield Battery  
  81  5:32  Forge  
  81  5:37  Probe x2  
  81  5:40  Sentry x3  
  83  5:42  Shield Battery  
  83  5:45  Blink  
  83  5:50  Pylon  
  83  5:54  Pylon  
  83  5:59  Immortal  
  83  6:02  Probe x2  
  85  6:05  Pylon  
  85  6:07  Protoss Ground Weapons Level 1  
  89  6:13  Sentry x2  
  89  6:17  Adept  
  96  6:18  Probe  
  96  6:19  Probe  
  96  6:22  Shield Battery  
  96  6:23  Shield Battery  
  97  6:30  Probe  
  97  6:31  Probe  
  99  6:42  Probe  
  99  6:43  Probe x2  
  99  6:45  Gateway  
  99  6:46  Observer  
  101  6:47  Gateway  
  101  6:52  Gateway  
  102  6:55  Probe x3  
  102  7:00  Photon Cannon  
  105  7:04  Immortal  
  105  7:07  Stalker x3  
  105  7:08  Probe  
  116  7:23  Gateway  
  116  7:26  Gateway  
  116  7:27  Pylon  
  116  7:31  Probe x2  
  116  7:34  Pylon  
  118  7:41  Sentry, Stalker x2, Assimilator  
  124  7:46  Assimilator, Robotics Bay  
  124  7:47  Warp Prism  
  124  7:55  Probe x2  
  124  7:56  Probe  
  121  8:03  Stalker x3  
  127  8:11  Adept  
  129  8:23  Adept x3  
  129  8:25  Stalker  
  137  8:32  Pylon  
  137  8:33  Pylon  
  137  8:36  Disruptor  
  137  8:41  Zealot x2  
  121  8:52  Cybernetics Core  
  121  8:53  Zealot  
  97  9:01  Zealot x3  
  97  9:02  Disruptor, Zealot  
  80  9:08  Stalker x3  
  62  9:25  Stalker x3  
  62  9:26  Stalker x2  
  71  9:36  Stalker  
  73  9:44  Sentry  
  73  9:45  Sentry  
Tags
 
Add a new tag
Caveats
  • Supply blocks, unpowered buildings, or Contaminate may cause inaccurate times.
  • Supply counts are checked every 10 seconds.